 Dungeon Crawl Stone Soup version 0.23-a0-375-g66a18ee (webtiles) character file.

2336 George the Cleaver (level 9, -4/115 (117) HPs)
             Began as a Hill Orc Berserker on Oct 26, 2018.
             Was a Priest of Trog.
             Slain by an orc warrior
             ... wielding a +2 short sword of freezing
              (5 damage)
             ... on level 8 of the Dungeon.
             The game lasted 00:11:10 (8361 turns).

George the Cleaver (Hill Orc Berserker)             Turns: 8361, Time: 00:11:11

HP:   -4/115 (117)  AC: 17    Str: 28    XL:     9   Next: 42%
MP:   9/9           EV:  9    Int:  7    God:    Trog [***...]
Gold: 431           SH:  0    Dex: 10    Spells: 8/8 levels left

rFire    + . .     SeeInvis .   J - +0 battleaxe
rCold    + + .     Gourm    .   (shield currently unavailable)
rNeg     . . .     Faith    .   a - +2 plate armour {rC+}
rPois    .         Spirit   .   w - +0 helmet
rElec    .         Reflect  .   (no cloak)
rCorr    .         Harm     .   F - +0 pair of gloves
MR       ++...                  (no boots)
Stlth    ..........             H - amulet of the acrobat
HPRegen  1.29/turn              B - ring of protection from cold
MPRegen  0.11/turn              D - ring of protection from fire

@: berserking (expiring), starving, regenerating, very quick
A: no striking features
a: Berserk, Trog's Hand, Renounce Religion


You were on level 8 of the Dungeon.
You worshipped Trog.
Trog was most pleased with you.
You were starving.

You visited 2 branches of the dungeon, and saw 9 of its levels.

You collected 431 gold pieces.

Inventory:

Hand Weapons
 v - a +2 morningstar of protection
 J - a +0 battleaxe (weapon)
Missiles
 i - 6 javelins of returning (quivered)
Armour
 a - a +2 plate armour of cold resistance (worn)
 w - a +0 helmet (worn)
 F - a +0 pair of gloves (worn)
Jewellery
 p - an uncursed ring of resist corrosion
 B - a ring of protection from cold (left hand)
 D - a ring of protection from fire (right hand)
 H - an amulet of the acrobat (around neck)
Wands
 y - a wand of polymorph (9)
Scrolls
 b - a scroll of amnesia {unknown}
 g - 7 scrolls of remove curse {unknown}
 h - 8 scrolls of identify {unknown}
 m - 2 scrolls of blinking {unknown}
 o - a scroll of enchant armour {unknown}
 q - a scroll of fog {unknown}
 r - 2 scrolls of magic mapping {unknown}
 u - 3 scrolls of teleportation {unknown}
 x - a scroll of immolation {unknown}
 E - a scroll of random uselessness {unknown}
Potions
 d - a potion of lignification {unknown}
 e - a potion of curing
 f - a potion of brilliance {unknown}
 j - a potion of berserk rage {unknown}
 k - 2 potions of agility {unknown}
 l - a potion of ambrosia {unknown}
 n - 2 potions of degeneration {unknown}
 t - a potion of resistance {unknown}
 z - a potion of might {unknown}
 A - a potion of mutation {unknown}
 C - a potion of haste {unknown}
Comestibles
 c - 10 rations


   Skills:
 + Level 6.9 Fighting
 + Level 12.1 Axes
 + Level 5.7 Armour
 + Level 4.2 Dodging


You had 8 spell levels left.
You didn't know any spells.
Your spell library was empty.

Dungeon Overview and Level Annotations

Branches:
Dungeon (8/15)             Temple (1/1) D:5
   Lair: D:8-11

Altars:
Ashenzari
Cheibriados
Dithmenos
Elyvilon
Fedhas
Gozag
Hepliaklqana
Kikubaaqudgha
Makhleb
Nemelex Xobeh
Okawaru
Qazlal
Ru
Sif Muna
Trog
Uskayaw
Vehumet
Wu Jian
Xom
Yredelemnul
Zin
The Shining One

Shops:
D:4 =

Annotations:
D:5 2 transporters, Nr616's ghost, novice HOFi


Message History

* * * LOW HITPOINT WARNING * * *
The orc warrior hits you with a +1 scimitar of holy wrath!!
* * * LOW HITPOINT WARNING * * *
The orc warrior hits you with a +0 glaive.
* * * LOW HITPOINT WARNING * * *
You closely miss the orc warrior. You hit the orc warrior.
You closely miss the orc warrior.
The orc warrior hits you but does no damage.
The orc warrior closely misses you. The orc warrior misses you.
You hit the orc warrior but do no damage.
The orc warrior is severely wounded.
The orc warrior barely misses you.
You slice the orc warrior!!
You kill the orc warrior!
Trog accepts your kill.
You closely miss the orc warrior.
The orc warrior hits you from afar with a +0 glaive!
* * * LOW HITPOINT WARNING * * *
The orc warrior hits you with a +2 short sword of freezing.
You die...

....## #....## ##.## ...##
### ##....## #..# ...## #...
###...## #..# ....## #.Oo
##...## #..#
.....#######.ooo ##...##
##..# #..........#oooo###
##...###....
###........#oooo)o#
##.........
######.########o# ##........
##.# #...@)# #.......<
#..####.##..### ##....#.##
#........#....####..._...##
#..........#.............##
###..###....###............#
##....####..##
###.....⌠....# #.......#...#
#..........# #...#._.....#
#..........# #.###...##..#
##...._....#


You could see 2 orc warriors.

Vanquished Creatures
  Joseph (D:7)
  2 orc warriors
  An ice beast (D:5)
  2 ogres
  A centaur (D:5)
  A necrophage (D:6)
  A bullfrog (D:6)
  2 scorpions
  2 water moccasin skeletons
  4 killer bees (D:7)
  A crimson imp (D:6)
  A bullfrog zombie (D:7)
  4 hounds
  A bullfrog skeleton (D:7)
  A gnoll shaman (D:7)
  4 orc priests
  Ijyb (D:5)
  4 iguanas
  3 orc wizards
  Terence (D:3)
  4 worker ants
  3 worker ant zombies
  8 gnolls (D:6)
  7 adders
  A shadow imp (D:5)
  2 oozes
  An adder skeleton (D:7)
  An adder zombie (D:7)
  A worm (D:2)
  A dart slug (D:4)
  3 leopard geckos
  19 orcs
  4 giant cockroaches
  8 hobgoblins
  11 jackals
  3 quokkas
  4 bats
  2 frilled lizards
  7 goblins
  7 kobolds
  A leopard gecko skeleton (D:4)
  A quokka zombie (D:5)
  5 rats
142 creatures vanquished.

Notes
Turn   | Place    | Note
-------+----------+-------------------------------------------
     0 | D:1      | George the Hill Orc Berserker began the quest for the Orb.
     0 | D:1      | Reached XP level 1. HP: 19/19 MP: 1/1
    88 | D:1      | Reached XP level 2. HP: 4/26 MP: 2/2
   560 | D:1      | Reached skill level 5 in Axes
  1277 | D:2      | Reached XP level 3. HP: 28/31 MP: 3/3
  1541 | D:2      | Reached ** piety under Trog
  2080 | D:2      | Reached skill level 6 in Axes
  2080 | D:2      | Reached XP level 4. HP: 15/39 MP: 4/4
  2442 | D:3      | Found a shattered altar of Ashenzari.
  2576 | D:3      | Noticed Terence
  2589 | D:3      | Reached skill level 7 in Axes
  2597 | D:3      | Killed Terence
  2597 | D:3      | Reached XP level 5. HP: 30/45 MP: 5/5
  3178 | D:4      | Reached skill level 8 in Axes
  3226 | D:4      | Reached XP level 6. HP: 45/51 MP: 6/6
  3515 | D:4      | Reached skill level 9 in Axes
  3768 | D:4      | Found a sacrificial altar of Ru.
  3813 | D:4      | Found Gefyw's Jewellery Boutique.
  3941 | D:4      | Reached skill level 10 in Axes
  3941 | D:4      | Reached XP level 7. HP: 20/57 MP: 7/7
  4406 | D:5      | Entered Level 5 of the Dungeon
  4417 | D:5      | Found a staircase to the Ecumenical Temple.
  4439 | Temple   | Entered the Ecumenical Temple
  4559 | D:5      | Found a stormy altar of Qazlal.
  4577 | D:5      | Found a snail-covered altar of Cheibriados.
  4593 | D:5      | Noticed Ijyb
  4602 | D:5      | Killed Ijyb
  4746 | D:5      | Reached *** piety under Trog
  4941 | D:5      | Found a transporter.
  4946 | D:5      | Noticed Nr616's ghost (novice HOFi)
  4975 | D:5      | Found an ornate altar of the Wu Jian Council.
  5048 | D:5      | Found an ancient bone altar of Kikubaaqudgha.
  5049 | D:5      | Found a deep blue altar of Sif Muna.
  5051 | D:5      | Found a radiant altar of Vehumet.
  5104 | D:5      | Found a transporter.
  5250 | D:5      | Found an opulent altar of Gozag.
  5251 | D:5      | Found a sparkling altar of Nemelex Xobeh.
  5353 | D:6      | Found a hazy altar of Hepliaklqana.
  5533 | D:6      | Reached XP level 8. HP: 52/67 MP: 8/8
  5607 | D:6      | Reached skill level 11 in Axes
  5714 | D:6      | Reached skill level 5 in Fighting
  6058 | D:6      | Found a sparkling altar of Nemelex Xobeh.
  7030 | D:7      | Reached XP level 9. HP: 21/74 MP: 9/9
  7033 | D:7      | Reached skill level 5 in Armour
  7038 | D:7      | HP: 3/74 [poisoned by a killer bee]
  7043 | D:7      | HP: 2/74 [poisoned by a killer bee]
  7052 | D:7      | Found an iron altar of Okawaru.
  7128 | D:7      | Noticed Joseph
  7365 | D:7      | Killed Joseph
  7469 | D:7      | Reached skill level 12 in Axes
  7734 | D:8      | Found a hide-covered altar of Uskayaw.
  7734 | D:8      | Found a snail-covered altar of Cheibriados.
  7940 | D:8      | Found a bloodstained altar of Trog.
  8361 | D:8      | HP: 1/115 [orc warrior/+0 glaive (13)]
  8361 | D:8      | Slain by an orc warrior

Vault maps used:
D:1:      onia_arrival_pyramid
D:2:      serial_rivers, chequers_serial_rivers_room_b,
          chequers_serial_rivers_micro_d, chequers_serial_rivers_micro_c,
          chequers_serial_rivers_micro_b, chequers_serial_rivers_small_b,
          kennysheep_generic_room_3
D:3:      nicolae_overflow_hidden_temple, uniq_terence
D:4:      first_ration, serial_shops, nicolae_shop_behind_doors,
          nicolae_ru_the_path_less_chosen
D:5:      grunt_temple_overflow_opulence, grunt_temple_overflow_magic_moments,
          kennysheep_mini, grunt_qazlal_clouds, minmay_temple_entry_large_hall,
          gammafunk_ghost_stat_death, cheibriados_altar_1, uniq_ijyb
D:6:      lemuel_round_altar, nemelex_dance_club_becter
D:7:      okawaru_trees_2, uniq_joseph
D:8:      grunt_temple_overflow_open, special_room, hangedman_ranch,
          trog_three_pillars_becter
Temple:   dpeg_three_leaves_temple

Skill      XL: |  1  2  3  4  5  6  7  8  9 |
---------------+----------------------------+-----
Axes           | 5 6 7 8 10 11 12 | 12.1
Fighting       | 4 6 |  6.9
Dodging        | 2 3 4 |  4.2
Armour         | 3 4 5 |  5.7

Action                   |  1- 3 |  4- 6 |  7- 9 || total
-------------------------+-------+-------+-------++-------
Melee: Hand axe          |   138 |   182 |   324 ||   644
       Unarmed           |       |       |     2 ||     2
       Battleaxe         |       |       |    84 ||    84
Invok: Berserk           |       |     1 |     5 ||     6
       Trog's Hand       |       |       |     3 ||     3
  Eat: Chunk             |     3 |     8 |    11 ||    22
       Ration            |       |       |     2 ||     2
Armor: Animal skin       |     4 |       |       ||     4
       Chain mail        |    28 |       |       ||    28
       Ring mail         |     7 |       |       ||     7
       Plate armour      |    32 |    98 |   231 ||   361
Dodge: Dodged            |    57 |    47 |   145 ||   249

Table legend:
 A = Non-vault XP
 B = Vault XP
 C = Vault XP percentage of total XP
 D = Non-vault monster count
 E = Vault monster count
 F = Vault count percentage of total count
                 A         B        C        D         E       F
            +---------+---------+-------+---------+---------+-------
      Total |    2536 |     802 |  24.0 |     134 |       8 |   5.6
            +---------+---------+-------+---------+---------+-------
        D:1 |      21 |       0 |   0.0 |      15 |       0 |   0.0
        D:2 |      72 |       0 |   0.0 |      17 |       0 |   0.0
        D:3 |      60 |      32 |  34.8 |      18 |       1 |   5.3
        D:4 |     596 |       0 |   0.0 |      21 |       0 |   0.0
        D:5 |     288 |      36 |  11.1 |       9 |       1 |  10.0
        D:6 |     678 |     125 |  15.6 |      30 |       2 |   6.2
        D:7 |     688 |     466 |  40.4 |      20 |       1 |   4.8
        D:8 |     133 |     143 |  51.8 |       4 |       3 |  42.9
            +---------+---------+-------+---------+---------+-------
